 Dungeon Crawl Stone Soup version 0.30-a0-728-gc68057be0a (webtiles) character file.

Game seed: 13762086462510283741

50086 Arximoufas the Bewitcher (level 14, -1/78 HPs)
             Began as a Deep Elf Conjurer on Jan 29, 2023.
             Was a High Priest of Vehumet.
             Splashed by a goliath frog's acid (3 damage)
             ... on level 1 of the Swamp on Jan 30, 2023.
             The game lasted 02:22:04 (24575 turns).

Arximoufas the Bewitcher (Deep Elf Conjurer)       Turns: 24575, Time: 02:22:05

Health: -1/78      AC: 23    Str:  4    XL:     14   Next: 18%
Magic:  37/40      EV: 14    Int: 38    God:    Vehumet [*****.]
Gold:   994        SH:  5    Dex:  8    Spells: 1/41 levels left

rFire   . . .      SeeInvis .    m - +6 Majin-Bo {spellvamp, MP+6 Int+6}
rCold   . . .      Faith    .    (no shield)
rNeg    + . .      Spirit   .    Q - +2 robe {Will+}
rPois   .          Reflect  +    D - +2 helmet "Feneuwk" {rN+ rCorr Int+3 Dex-5}
rElec   .          Harm     .    G - +0 cloak
rCorr   +          Rampage  .    (no gloves)
Will    ++...                    (no boots)
Stlth   ++++                     l - amulet of reflection
HPRegen 0.33/turn                k - +4 ring of protection
MPRegen 0.27/turn                h - ring of flight

@: ice-armoured, flying
A: no striking features
a: Renounce Religion


You were on level 1 of the Swamp.
You worshipped Vehumet.
Vehumet was extremely pleased with you.
You visited 5 branches of the dungeon, and saw 20 of its levels.
You visited 1 bazaar.
You also visited: Bailey.

You collected 2113 gold pieces.
You spent 1119 gold pieces at shops.

Inventory:

Hand Weapons
 m - the +6 Majin-Bo (weapon) {spellvamp, MP+6 Int+6}
   (You acquired it on level 12 of the Dungeon)

   Int:       It affects your intelligence (+6).
   MP:        It affects your magic capacity (+6).
Armour
 D - the +2 helmet "Feneuwk" (worn) {rN+ rCorr Int+3 Dex-5}
   (You took it off Robin on level 4 of the Dungeon)

   Int:       It affects your intelligence (+3).
   Dex:       It affects your dexterity (-5).
   rN:        It protects you from negative energy.
   rCorr:     It protects you from acid and corrosion.
 G - a +0 cloak (worn)
 Q - a +2 robe of willpower (worn)
Magical Staves
 F - a staff of poison
Jewellery
 c - a ring of see invisible
 h - a ring of flight (right hand)
 k - a +4 ring of protection (left hand)
 l - an amulet of reflection (around neck)
 t - an amulet of magic regeneration
Wands
 a - a wand of digging (10)
 r - a wand of mindburst (1)
 v - a wand of polymorph (14)
 L - a wand of quicksilver (3)
 S - a wand of iceblast (2)
Scrolls
 e - 2 scrolls of poison {unknown}
 i - 4 scrolls of fog
 j - 8 scrolls of amnesia
 q - a scroll of immolation {unknown}
 s - 4 scrolls of magic mapping
 u - 2 scrolls of enchant weapon {unknown}
 w - 2 scrolls of butterflies {unknown}
 x - 5 scrolls of teleportation
 y - a scroll of brand weapon {unknown}
 A - 3 scrolls of silence
 K - 2 scrolls of enchant armour {unknown}
Potions
 b - a potion of magic
 d - a potion of lignification
 f - 9 potions of curing
 n - 6 potions of might
 p - 2 potions of resistance
 C - 2 potions of ambrosia
 I - 2 potions of flight
 J - 2 potions of haste
 N - 2 potions of cancellation
 P - a potion of brilliance


   Skills:
 - Level 5.0 Fighting
 - Level 10.0 Dodging
 - Level 10.0 Stealth
 + Level 14.1 Spellcasting
 - Level 12.0 Conjurations
 - Level 15.0 Hexes
 * Level 2.4 Summonings
 - Level 11.0 Ice Magic
 - Level 5.0 Air Magic


You had one spell level left.
You knew the following spells:

 Your Spells              Type           Power      Damage    Failure   Level
a - Magic Dart            Conj           100%       1d8       0%          1
b - Fulminant Prism       Conj/Hex       46%        3d20      1%          4
c - Ozocubu's Armour      Ice            84%        N/A       1%          3
d - Ensorcelled Hibernat  Hex/Ice        100%       N/A       0%          2
e - Dazzling Flash        Conj/Hex       100%       N/A       0%          3
f - Iskenderun's Mystic   Conj/Tloc      64%        2d13      1%          4
g - Spellforged Servitor  Conj/Summ      34%        N/A       16%         7
h - Airstrike             Air            30%        2d(5-21)  1%          4
i - Ozocubu's Refrigerat  Ice            42%        4d16      3%          7
j - Lightning Bolt        Conj/Air       37%        1d56      1%          5

Your spell library contained the following spells:

 Spells                   Type           Power      Damage    Failure   Level
 Slow                     Hex            100%       N/A       0%          1
 Shock                    Conj/Air       100%       1d9       1%          1
 Sting                    Tmut/Pois      100%       1d8       1%          1
 Searing Ray              Conj           100%       2d8       0%          2
 Confusing Touch          Hex            96%        N/A       0%          3
 Tukima's Dance           Hex            96%        N/A       0%          3
 Lesser Beckoning         Tloc           52%        N/A       1%          2
 Poisonous Vapours        Pois/Air       92%        N/A       1%          2
 Ignite Poison            Fire/Tmut/Pois 26%        N/A       1%          3
 Swiftness                Air            60%        N/A       1%          3
 Anguish                  Hex/Necr       35%        N/A       1%          4
 Sticky Flame             Conj/Fire      64%        2d8       1%          4
 Enfeeble                 Hex            48%        N/A       2%          7
 Olgreb's Toxic Radiance  Pois           26%        N/A       3%          4
 Gell's Gravitas          Tloc           26%        N/A       4%          3
 Spider Form              Tmut/Pois      26%        N/A       4%          3
 Teleport Other           Tloc           26%        N/A       4%          3
 Alistair's Intoxication  Tmut/Pois      17%        N/A       36%         5
 Ignition                 Fire           13%        3d6       100%        8


Dungeon Overview and Level Annotations

Branches:
Dungeon (13/15)            Temple (1/1) D:6            Lair (3/5) D:9
  Swamp (1/4) Lair:2       Spider (0/4) Lair:2          Orc (2/2) D:12
    Elf (0/3) Orc:2        Bailey (visited)
 Vaults: D:13-14

Altars:
Ashenzari
Cheibriados
Dithmenos
Elyvilon
Fedhas
Gozag
Hepliaklqana
Kikubaaqudgha
Makhleb
Nemelex Xobeh
Okawaru
Qazlal
Ru
Sif Muna
Trog
Uskayaw
Vehumet
Wu Jian
Xom
Yredelemnul
Zin
The Shining One

Shops:
D:7 *   D:10 !   Orc:2 ?=?:!


Message History

* * * LOW HITPOINT WARNING * * *
You stop ascending the stairs.
You are yanked forward by the harpoon shot.
You block the spriggan druid's attack.
The swamp worm bites you but does no damage.
You feel much better.
The spriggan druid calls out to the beasts of the wild!
A tyrant leech comes into view.
The swamp worm attacks as you move away!
The swamp worm closely misses you.
The swamp worm attacks as you move away!
The swamp worm barely misses you.
A vampire mosquito comes into view.
The vampire mosquito buzzes angrily.
You hear an angry buzzing noise.
Tree limbs sway around you. A root lunges up near you.
The swamp worm fires a harpoon shot at you.
The harpoon shot hits you!
You are yanked forward by the harpoon shot.
The vampire mosquito moves out of view.
Okay, then.
Okay, then.
Okay, then.
Okay, then.
Okay, then.
Okay, then.
Casting: Magic Dart (safe; 0% risk of failure)
Confirm with . or Enter, or press ? or * to list all spells.
A film of ice covers your body!
* * * LOW HITPOINT WARNING * * *
The swamp worm bites you but does no damage.
The spriggan druid misses you. The swamp worm bites you!
* * * LOW HITPOINT WARNING * * *
The swamp worm barely misses you. The goliath frog misses you.
The spriggan druid barely misses you. You block the swamp worm's attack.
You feel better. You block the swamp worm's attack.
The goliath frog hits you from afar!
* * * LOW HITPOINT WARNING * * *
You are splashed with acid.
You resist.
You die...

♣♣ ♣~♣ ♣♣♣♣♣♣♣♣♣
.~~♣♣♣♣♣♣~....~.§
.~~.~~..i<....~..
♣)....~~@w.y♣.y..
♣~...~~w.w...~~..
~....~~~F....~~..
.~~..~~~~...~~...
~~§...~~~....♣...
...w§~~~~....~~♣♣
~~.~~~~~~~~~.♣~~♣
~..§~~~~~~§~..~♣♣
~.........~..~~♣


You could see a tyrant leech, a spriggan druid, a goliath frog, 3 swamp worms
and a vampire mosquito.

Vanquished Creatures
  2 hydras (Lair:2)
  3 centaur warriors (D:11)
  2 boulder beetles
  3 two-headed ogres
  6 death yaks (Lair:3)
  4 orc high priests (Orc:2)
  Urug (Lair:2)
  Sonja (D:10)
  3 deep elf pyromancers
  5 orc knights
  A cyclops (D:11)
  4 ugly things
  4 orc sorcerers (Orc:2)
  5 elephants (Lair:3)
  Maurice (Orc:2)
  A black mamba (Lair:1)
  Joseph (D:7)
  4 cane toads
  An unseen horror (D:12)
  Psyche (D:8)
  6 komodo dragons
  A rime drake (Lair:1)
  A yaktaur (D:11)
  2 burning bushes (Lair:2)
  A tyrant leech (Lair:2)
  11 trolls
  Prince Ribbit (D:5)
  12 blink frogs
  Grinder (D:6)
  8 slime creatures (D:12)
  Sigmund (D:6)
  32 yaks
  A culicivora (Lair:2)
  2 shadows (D:12)
  5 jumping spiders (Lair:2)
  3 wyverns
  A basilisk (Lair:1)
  A steam dragon (D:8)
  3 redbacks (Lair:2)
  7 vampire mosquitoes
  A warg (Orc:2)
  A swamp worm (Lair:2)
  An acid dragon (D:12)
  7 water moccasins
  21 orc warriors
  5 black bears
  19 wolves
  9 ogres
  7 centaurs
  A phantom (D:4)
  3 scorpions
  3 gnoll sergeants
  9 bullfrogs
  A necrophage (D:7)
  4 killer bees (D:9)
  7 howler monkeys
  4 hounds
  10 orc priests
  2 jellies
  Jessica (D:3)
  A gnoll bouda (D:10)
  7 iguanas
  Natasha (thrice) (D:3)
  14 orc wizards
  5 hell rats (Lair:1)
  Robin (D:4)
  23 gnolls
  2 adders
  A shadow imp (D:8)
  4 white imps
  3 ufetubi
  3 worms
  2 dart slugs
  53 orcs
  8 ball pythons
  5 endoplasms
  3 giant cockroaches
  21 goblins
  9 hobgoblins
  4 jackals (D:1)
  5 quokkas
  5 bats
  2 frilled lizards
  12 kobolds
  5 rats
  A fulminant prism (Lair:2)
471 creatures vanquished.

Vanquished Creatures (others)
  A komodo dragon (Lair:2)
  A bush (Lair:1)
  361 fulminant prisms
  24 fungi
  26 plants
413 creatures vanquished.

Grand Total: 884 creatures vanquished

Notes
Turn   | Place    | Note
-------+----------+-------------------------------------------
     0 | D:1      | Arximoufas the Deep Elf Conjurer began the quest for the
                  | Orb.
     0 | D:1      | Reached XP level 1. HP: 10/10 MP: 6/6
   395 | D:1      | Reached XP level 2. HP: 15/15 MP: 6/8
   952 | D:1      | Reached XP level 3. HP: 19/19 MP: 5/10
  1357 | D:2      | Found a faded altar of an unknown god.
  1559 | D:2      | Reached skill level 5 in Conjurations
  1684 | D:2      | Found an ornate altar of the Wu Jian Council.
  1798 | D:3      | Noticed Natasha
  1806 | D:3      | Killed Natasha
  1807 | D:3      | Reached XP level 4. HP: 24/24 MP: 7/12
  1941 | D:3      | Noticed Natasha
  1948 | D:3      | Killed Natasha
  2170 | D:3      | Found an ornate altar of the Wu Jian Council.
  2173 | D:3      | Found a broken altar of Ashenzari.
  2173 | D:3      | Found a hazy altar of Hepliaklqana.
  2369 | D:3      | Noticed Natasha
  2374 | D:3      | Killed Natasha
  2375 | D:3      | Reached XP level 5. HP: 28/28 MP: 10/14
  2423 | D:3      | Noticed Jessica
  2441 | D:3      | Killed Jessica
  2613 | D:4      | Reached skill level 5 in Spellcasting
  2766 | D:4      | Noticed an ogre
  2776 | D:4      | Killed an ogre
  2777 | D:4      | Reached skill level 5 in Stealth
  2777 | D:4      | Reached XP level 6. HP: 8/32 MP: 8/16
  3083 | D:4      | Identified the +2 helmet "Feneuwk" {rN+ rCorr Int+3 Dex-5}
  3083 | D:4      | Noticed Robin
  3302 | D:4      | Reached XP level 7. HP: 27/36 MP: 12/19
  3506 | D:4      | Killed Robin
  3535 | D:5      | Entered Level 5 of the Dungeon
  4325 | D:5      | Reached XP level 8. HP: 41/41 MP: 18/22
  4390 | D:6      | Noticed Sigmund
  4403 | D:6      | Killed Sigmund
  4480 | D:6      | Found a shadowy altar of Dithmenos.
  4496 | D:6      | Noticed Grinder
  4522 | D:6      | Paralysed by Grinder for 3 turns
  4541 | D:6      | Killed Grinder
  4669 | D:6      | Learned a level 4 spell: Fulminant Prism
  4707 | D:6      | Reached skill level 1 in Hexes
  4879 | D:6      | Reached skill level 10 in Spellcasting
  4879 | D:6      | Reached skill level 2 in Hexes
  4892 | D:6      | Reached skill level 3 in Hexes
  4905 | D:6      | Reached skill level 4 in Hexes
  4945 | D:6      | Noticed Prince Ribbit
  4988 | D:5      | Killed Prince Ribbit
  4989 | D:5      | Reached skill level 6 in Hexes
  4989 | D:5      | Reached XP level 9. HP: 13/45 MP: 23/25
  5268 | D:6      | Found a staircase to the Ecumenical Temple.
  5277 | Temple   | Entered the Ecumenical Temple
  5355 | Temple   | Became a worshipper of Vehumet
  5395 | D:6      | Learned a level 3 spell: Ozocubu's Armour
  5398 | D:6      | Learned a level 2 spell: Ensorcelled Hibernation
  5402 | D:6      | Learned a level 3 spell: Dazzling Flash
  5465 | D:6      | You are sucked into a shaft and drop 1 floor!
  5790 | D:6      | Reached skill level 1 in Ice Magic
  6267 | D:7      | Found Roitosucs's Assorted Antiques.
  6282 | D:7      | Reached skill level 7 in Hexes
  6362 | D:7      | Noticed Joseph
  6362 | D:7      | Noticed a troll
  6531 | D:7      | Reached skill level 8 in Hexes
  6839 | D:7      | Killed a troll
  6840 | D:7      | Reached skill level 9 in Hexes
  6853 | D:7      | Learned a level 4 spell: Iskenderun's Mystic Blast
  7226 | D:7      | Reached skill level 10 in Hexes
  7237 | D:7      | Killed Joseph
  7238 | D:7      | Reached skill level 11 in Hexes
  7376 | D:7      | Reached XP level 10. HP: 35/50 MP: 18/26
  7728 | D:8      | Reached * piety under Vehumet
  7728 | D:8      | Offered knowledge of Freeze by Vehumet.
  7734 | D:8      | Noticed Psyche
  7737 | D:8      | Killed Psyche
  7738 | D:8      | Reached skill level 12 in Hexes
  7923 | D:8      | Found a glowing golden altar of the Shining One.
  8016 | D:8      | Found an opulent altar of Gozag.
  8392 | D:9      | Found a shimmering altar of Xom.
  8397 | D:9      | Found a shimmering altar of Xom.
  8397 | D:9      | Found a shimmering altar of Xom.
  8617 | D:9      | Reached skill level 10 in Conjurations
  8677 | D:9      | Noticed a two-headed ogre
  8683 | D:9      | Killed a two-headed ogre
  8684 | D:9      | Reached skill level 13 in Hexes
  8773 | D:9      | Found a staircase to the Lair.
  9176 | D:9      | Reached skill level 14 in Hexes
  9283 | Lair:1   | Entered Level 1 of the Lair of Beasts
  9611 | Lair:1   | Noticed a boulder beetle
  9689 | Lair:1   | Noticed a cane toad
  9696 | Lair:1   | Reached XP level 11. HP: 54/54 MP: 21/28
  9897 | Lair:1   | Killed a boulder beetle
 10139 | Lair:1   | Reached ** piety under Vehumet
 10139 | Lair:1   | Offered knowledge of Scorch by Vehumet.
 11690 | Lair:2   | Reached skill level 15 in Hexes
 11736 | Lair:2   | Reached skill level 1 in Fighting
 11838 | Lair:2   | Offered knowledge of Poisonous Vapours by Vehumet.
 11842 | Lair:2   | Learned a level 2 spell: Poisonous Vapours
 11882 | Lair:2   | Noticed a five-headed hydra
 11891 | Lair:2   | Killed a five-headed hydra
 12020 | Lair:2   | Noticed a five-headed hydra
 12311 | Lair:2   | Reached XP level 12. HP: 50/66 MP: 27/32
 12408 | Lair:2   | Reached *** piety under Vehumet
 12441 | Lair:2   | Killed a five-headed hydra
 12442 | Lair:2   | Reached skill level 5 in Fighting
 12702 | Lair:2   | Found a hole to the Spider Nest.
 12929 | Lair:2   | Noticed Urug
 12944 | Lair:2   | Killed Urug
 12945 | Lair:2   | Reached skill level 5 in Dodging
 12998 | Lair:2   | Found a staircase to the Swamp.
 14047 | Lair:3   | Offered knowledge of Inner Flame by Vehumet.
 14168 | Lair:3   | Noticed a death yak
 14169 | Lair:3   | Noticed a death yak
 14185 | Lair:3   | Killed a death yak
 14190 | Lair:3   | Noticed a death yak
 14192 | Lair:3   | Killed a death yak
 14192 | Lair:3   | Noticed a death yak
 14194 | Lair:3   | Noticed a death yak
 14196 | Lair:3   | Noticed a death yak
 14198 | Lair:3   | Killed a death yak
 14198 | Lair:3   | Killed a death yak
 14199 | Lair:3   | Reached skill level 10 in Dodging
 14201 | Lair:3   | Killed a death yak
 14201 | Lair:3   | Killed a death yak
 14467 | D:10     | Entered Level 10 of the Dungeon
 14550 | D:10     | Found a flagged portal.
 14559 | Bailey   | Entered a bailey
 14671 | Bailey   | Reached **** piety under Vehumet
 14848 | Bailey   | Offered knowledge of Airstrike by Vehumet.
 14952 | Bailey   | Learned a level 4 spell: Airstrike
 15041 | D:10     | Found Suvoq's Distillery.
 15216 | D:10     | Bought 2 potions of haste for 240 gold pieces
 15216 | D:10     | Bought a potion of heal wounds for 60 gold pieces
 15275 | D:10     | Noticed Sonja
 15283 | D:10     | Killed Sonja
 15284 | D:10     | Reached XP level 13. HP: 72/72 MP: 30/33
 15696 | D:10     | Reached skill level 10 in Stealth
 16996 | Swamp:1  | Entered Level 1 of the Swamp
 17974 | D:11     | Got the Tome of Austromancy and Putridity
 18171 | D:11     | Learned a level 7 spell: Ozocubu's Refrigeration
 18286 | D:11     | Reached skill level 5 in Ice Magic
 19824 | D:12     | Found a flickering gateway to a bazaar.
 19839 | Bazaar   | Entered a bazaar
 20010 | Bazaar   | Found Plog's Magic Scroll Shoppe.
 20010 | Bazaar   | Found Fynik's Jewellery Emporium.
 20033 | Bazaar   | Found Kotoun's Weapon Shoppe.
 20033 | Bazaar   | Found Tuitheg's Jewellery Emporium.
 20151 | Bazaar   | Bought a scroll of acquirement for 780 gold pieces
 20151 | Bazaar   | Acquired 273 gold pieces
 20153 | Bazaar   | Acquired Xuat's Papyrus of the Jinx and Fumes
 20164 | Bazaar   | Learned a level 5 spell: Lightning Bolt
 20327 | D:12     | Acquired the +6 Majin-Bo {spellvamp, MP+6 Int+6}
 20327 | D:12     | Found the +6 Majin-Bo {spellvamp, MP+6 Int+6}
 20359 | D:12     | Reached skill level 1 in Air Magic
 20756 | D:12     | Reached ***** piety under Vehumet
 21037 | D:12     | Found a staircase to the Orcish Mines.
 21105 | Orc:1    | Entered Level 1 of the Orcish Mines
 21118 | Orc:1    | Offered knowledge of Spellforged Servitor by Vehumet.
 21351 | Orc:2    | Entered Level 2 of the Orcish Mines
 21403 | Orc:2    | Reached skill level 10 in Ice Magic
 21923 | Orc:2    | Found an iron altar of Okawaru.
 22297 | Orc:2    | Found a bloodstained altar of Trog.
 22398 | Orc:2    | Found a staircase to the Elven Halls.
 22821 | Orc:2    | Reached XP level 14. HP: 78/78 MP: 34/34
 22922 | Orc:2    | Reached skill level 5 in Air Magic
 22981 | Orc:2    | Found Dic Nabi's Magic Scroll Emporium.
 22981 | Orc:2    | Found Xaapoet's Jewellery Boutique.
 22983 | Orc:2    | Found Xaesm's Distillery.
 22983 | Orc:2    | Found Yreneo's Book Boutique.
 22989 | Orc:2    | Bought a scroll of teleportation for 39 gold pieces
 23082 | Orc:2    | Found Deokinese's Magic Scroll Shop.
 23359 | Orc:1    | Learned a level 7 spell: Spellforged Servitor
 23407 | Orc:1    | Noticed Maurice
 23666 | Orc:2    | Killed Maurice
 23667 | Orc:2    | Reached skill level 1 in Summonings
 23828 | D:12     | Upgraded the game from 0.30-a0-726-gd89dcf765f to
                  | 0.30-a0-728-gc68057be0a
 24575 | Swamp:1  | HP: 2/78 [goliath frog (15)]
 24575 | Swamp:1  | Splashed by a goliath frog's acid

Illustrated notes

Levels and vault maps discovered:
D:1:      evilmike_arrival_home_sweet_home, layout_loops_ring, minmay_unequal
D:2:      layout_loops_ring, basic_altar, chequers_ecumenical_altar_island
D:3:      layout_basic, grunt_temple_overflow_open, uniq_natasha, uniq_jessica
D:4:      black_bear_nest_2, layout_rooms, uniq_robin
D:5:      layout_rooms
D:6:      layout_cave_pods, grunt_dithmenos_smoke, minmay_temple_entry_poolview,
          serial_bayou_pond_d, uniq_sigmund, uniq_grinder, uniq_prince_ribbit1
D:7:      layout_cave_pods, serial_shops, shop, minmay_crystal_water,
          uniq_joseph
D:8:      layout_cave_pools, tso_oasis_becter,
          nicolae_gozag_cash_rules_everything_around_me, uniq_psyche
D:9:      layout_loops_cross, xom_shifter_show, david_lair_shrubbed
D:10:     layout_gridville, enter_bailey_3, serial_shops, shop, uniq_sonja
D:11:     minmay_the_grid_triangle_9x9_rhombus_thin
          [minmay_the_grid_triangle_9x9_wacky_v,
          minmay_the_grid_triangle_9x9_prize_top_heavy,
          minmay_the_grid_triangle_9x9_odd_lines,
          minmay_the_grid_triangle_9x9_descending_squares],
          layout_irregular_city, serial_glass, glass_columns_b, glass_columns_b,
          glass_columns_a, glass_columns_a, glass_columns_b, glass_columns_b,
          glass_columns_c, glass_columns_c, glass_columns_c, glass_columns_c,
          glass_columns_a, glass_columns_a, glass_columns_a, glass_columns_a
D:12:     layout_basic, orc_0_dummy, serial_shops, bzr_entry_gold
D:13:     layout_irregular_city, erik_vaults_2
Temple:   nicolae_temple_superstar
Lair:1:   layout_cave_pods, nzn_sisyphean_effort, infiniplex_staircase_pool,
          grunt_megastairs_2, lemuel_fruit_tree
Lair:2:   layout_roguey, palyth_hydra_swamp_entry,
          nicolae_spider_entry_tight_spaces, evilmike_ambush
          [evilmike_ambush_outer_basic, evilmike_ambush_inner_basic],
          serial_bayou_shore_b, uniq_urug
Lair:3:   layout_small_grid
Swamp:1:  layout_basic_swamp, evilmike_swamp_ruin_house_4, swamp_pool4,
          nicolae_swamp_bloodsuckers_inc
Orc:1:    layout_caves, uniq_maurice
Orc:2:    grunt_orc_tribal_feast, layout_caves, serial_shops, shop, basic_altar,
          david_defended_altar_orc

Skill      XL: |  1  2  3  4  5  6  7  8  9 10 11 12 13 14 |
---------------+-------------------------------------------+-----
Stealth        | 3 4 5 9 10 | 10.0
Spellcasting   | 4 5 6 8 10 11 14 | 14.1
Conjurations   | 5 6 8 9 10 11 12 | 12.0
Hexes          | 6 11 14 15 | 15.0
Ice Magic      | 4 10 11 | 11.0
Fighting       | 4 5 |  5.0
Dodging        | 10 | 10.0
Air Magic      | 4 5 |  5.0
Summonings     | 2 |  2.4

Action                     |  1- 3 |  4- 6 |  7- 9 | 10-12 | 13-15 || total
---------------------------+-------+-------+-------+-------+-------++-------
  Melee: Staff             |       |       |       |     1 |     1 ||     2
  Throw: Dart              |       |       |    15 |       |       ||    15
   Cast: Magic Dart        |    90 |   118 |   302 |   307 |   150 ||   967
         Fulminant Prism   |       |       |    14 |   164 |   185 ||   363
         Ensorcelled Hiber |       |       |     7 |     4 |     1 ||    12
         Ozocubu's Armour  |       |       |     3 |    12 |    31 ||    46
         Dazzling Flash    |       |       |     2 |     5 |       ||     7
         Iskenderun's Myst |       |       |     1 |       |       ||     1
         Lightning Bolt    |       |       |       |       |     6 ||     6
         Poisonous Vapours |       |       |       |       |     1 ||     1
         Airstrike         |       |       |       |       |     2 ||     2
  Evoke: Wand              |       |       |     4 |    11 |     9 ||    24
         Box of beasts     |       |       |       |     1 |       ||     1
    Use: Scroll            |       |       |     9 |     7 |    14 ||    30
         Potion            |       |       |     4 |     2 |    10 ||    16
 Armour: Robe              |     3 |    13 |    65 |    69 |    93 ||   243
  Dodge: Dodged            |     6 |    20 |    98 |   116 |   145 ||   385
  Block: Other             |       |       |       |       |    28 ||    28

Table legend: (Time is in decaauts)
 A = Elapsed time spent in this place.
 B = Non-inter-level travel time spent in this place.
 C = Inter-level travel time spent in this place.
 D = Time resting spent in this place.
 E = Time spent auto-exploring this place.
 F = Levels seen in this place.
 G = Mean time per level.
                   A        B        C        D        E       F      G
               +--------+--------+--------+--------+--------+-----+--------+
         Total |  24590 |  22301 |   2289 |   7529 |   9530 |  22 | 1117.7 |
       Dungeon |  15359 |  13627 |   1732 |   3729 |   7209 |  13 | 1181.5 |
        Temple |    112 |    102 |     10 |      0 |     78 |   1 |  112.0 |
          Lair |   5660 |   5275 |    385 |   2303 |   1350 |   3 | 1886.7 |
         Swamp |     27 |     27 |      0 |      0 |      0 |   1 |   27.0 |
  Orcish Mines |   2666 |   2506 |    160 |   1277 |    846 |   2 | 1333.0 |
        Bazaar |    363 |    363 |      0 |    157 |      0 |   1 |  363.0 |
        Bailey |    399 |    399 |      0 |     63 |     47 |   1 |  399.0 |
               +--------+--------+--------+--------+--------+-----+--------+

Top non-repeatable levels by time:
  Lair:2: 2352 daAuts
    D:12: 2086 daAuts
   Orc:2: 1996 daAuts
  Lair:1: 1965 daAuts
    D:11: 1894 daAuts
     D:7: 1785 daAuts
    D:10: 1509 daAuts
  Lair:3: 1342 daAuts
     D:6: 1314 daAuts
     D:9: 1271 daAuts
     D:1: 1098 daAuts
     D:5: 1062 daAuts
     D:4: 965 daAuts
     D:3: 918 daAuts
     D:2: 788 daAuts
